 Dungeon Crawl Stone Soup version 0.28-a0-697-g47f3eba078 (webtiles) character file.

Game seed: 620183309025213974

8 tatocazan the Skirmisher (level 2, 19/24 HPs)
             Began as a Demonspawn Fighter on Oct 23, 2021.
             Quit the game on level 1 of the Dungeon.
             The game lasted 00:00:08 (37 turns).

tatocazan the Skirmisher (Demonspawn Fighter)         Turns: 37, Time: 00:00:09

Health: 19/24      AC:  6    Str: 16    XL:     2   Next: 0%
Magic:  2/2        EV:  9    Int:  9    God:
Gold:   0          SH:  4    Dex: 12    Spells: 1/1 levels left

rFire   . . .      SeeInvis .   a - +0 war axe
rCold   . . .      Faith    .   c - +0 buckler
rNeg    . . .      Spirit   .   b - +0 scale mail
rPois   .          Reflect  .   (no helmet)
rElec   .          Harm     .   (no cloak)
rCorr   .          Rampage  .   (no gloves)
Will    .....                   (no boots)
Stlth   ..........              (no amulet)
HPRegen 0.08/turn               (no ring)
MPRegen 0.16/turn               (no ring)

@: no status effects
A: magic regeneration
a: no special abilities


You were on level 1 of the Dungeon.
You visited 1 branch of the dungeon, and saw 1 of its levels.

Inventory:

Hand Weapons
 a - a +0 war axe (weapon)
Armour
 b - a +0 scale mail (worn)
 c - a +0 buckler (worn)
Scrolls
 e - a scroll of enchant weapon {unknown}
Potions
 d - a potion of might


   Skills:
 + Level 3.1 Fighting
 + Level 2.0 Axes
 + Level 2.8 Armour
 + Level 2.8 Shields


You had one spell level left.
You didn't know any spells.
Your spell library was empty.

Dungeon Overview and Level Annotations

Branches:
Dungeon (1/15)

Altars:


Innate Abilities, Weirdness & Mutations

You regenerate magic rapidly.


Message History

You slash the kobold!
You kill the kobold!
The bat barely misses you. The bat hits you but does no damage.
You miss the bat. The bat barely misses you. You block the bat's attack.
You barely miss the bat. The bat barely misses you. The bat hits you.
You miss the bat. The bat closely misses you.
The bat hits you but does no damage. The bat closely misses you.
You take 1 damage, and have 14/18 hp.
You closely miss the bat. The bat hits you but does no damage.
The bat hits you but does no damage.
A hobgoblin comes into view.
The hobgoblin shouts!
The bat closely misses you. The bat hits you but does no damage.
The bat hits you but does no damage. The bat closely misses you.
Your shield prevents you from hitting the bat.
The bat barely misses you. The bat hits you but does no damage.
You miss the bat. The bat closely misses you.
You hit the bat but do no damage. You hit the hobgoblin.
The bat hits you but does no damage. You block the hobgoblin's attack.
The bat hits you but does no damage. The hobgoblin hits you.
You take 1 damage, and have 14/18 hp.
You barely miss the hobgoblin.
The hobgoblin is moderately wounded.
Your shield prevents you from hitting the bat.
The bat hits you but does no damage. The hobgoblin completely misses you.
You slash the hobgoblin!
You kill the hobgoblin!
You hit the bat but do no damage. The bat hits you but does no damage.
Your Axes skill increases to level 2!
You slash the bat!
You kill the bat!
A bat comes into view.
You have reached level 2!
Your demonic ancestry asserts itself...
Your magic begins to regenerate rapidly.
You regained 5 hp, and now have 19/24 hp.
MP restored: 2 Are you sure you want to abandon this character and quit the game? (Confirm with "yes".)

..........## ##.......#
............###....<....
.....(.#.....#..........
.......##.....#####.####
.......).......## ...#
.......#........# ....#
.......)†.......^#####..
.....>............# ..
.......@†..........# .
.....................
.....?...............
...........!.....
............b....
.................
#.....##......... #.##.#
##.####...


You could see a bat.

Vanquished Creatures
  A ball python (D:1)
  An endoplasm (D:1)
  2 goblins (D:1)
  A hobgoblin (D:1)
  A kobold (D:1)
  A bat (D:1)
7 creatures vanquished.

Notes
Turn   | Place    | Note
-------+----------+-------------------------------------------
     0 | D:1      | tatocazan the Demonspawn Fighter began the quest for the
                  | Orb.
     0 | D:1      | Reached XP level 1. HP: 18/18 MP: 1/1
    37 | D:1      | Gained mutation: You regenerate magic rapidly. [demonic
                  | ancestry]
    37 | D:1      | Reached XP level 2. HP: 19/24 MP: 2/2
    37 | D:1      | Quit the game

Illustrated notes

Levels and vault maps discovered:
D:1:      onia_arrival_pyramid, layout_rooms,
          shapermc_ecumenical_altar_mp_vishouse

Skill      XL: |  1 |
---------------+----+-----
Axes           | 2 |  2.0
Fighting       | |  3.1
Armour         | |  2.8
Shields        | |  2.8

Action                   || total
-------------------------++-------
Melee: War axe           ||    19
Armor: Scale mail        ||    19
Dodge: Dodged            ||    16
Block: Buckler           ||     6

Table legend: (Time is in decaauts)
 A = Elapsed time spent in this place.
 B = Non-inter-level travel time spent in this place.
 C = Inter-level travel time spent in this place.
 D = Time resting spent in this place.
 E = Time spent auto-exploring this place.
 F = Levels seen in this place.
 G = Mean time per level.
                   A        B        C        D        E       F      G
               +--------+--------+--------+--------+--------+-----+--------+
         Total |     45 |     45 |      0 |      0 |      6 |   1 |   45.0 |
       Dungeon |     45 |     45 |      0 |      0 |      6 |   1 |   45.0 |
               +--------+--------+--------+--------+--------+-----+--------+

Top non-repeatable levels by time:
     D:1: 45 daAuts
